AoeStats
← Orange Jiangzc

Golden Pit

514817706Analyzed
4v4 RM · 18d ago on Oct 19, 2026· 54m 22s· 8 players
Game mode
Random Map
Map size
Large (8 player)
Population
200
Speed
Normal
Resources
Standard
Victory
Conquest
Starting age
Dark Age
Ending age
Imperial Age
RankedLock teamsTeams togetherTeam positionsShared explorationLock speedFull tech treeHidden civsTurbo modeCheats
Victory
Defeat
🇬🇷 Teutons · Greece
810
+15
🇨🇳 Celts · China
776
+17
🇨🇳 Poles · China
772
+17
🇨🇳 Saxons · China
759
+17
vs
🇹🇷 Mongols · Türkiye
870
-19
🇧🇪 Turks · Belgium
819
-17
🇹🇷 Burgundians · Türkiye
743
-15
🇧🇷 Italians · Brazil
742
-15
giannis
11:48 Feudal Age
16:14 Castle Age
14:26 Horse Collar
14:40 Double-Bit Axe
22:50 Scale Mail Armor
22:40 Fletching
22:51 Padded Archer Armor
23:01 Forging
22:46 Elite Skirmisher
24:06 Bow Saw
24:02 Stone Mining
25:11 Leather Archer Armor
25:11 Forging
24:58 Pikeman
25:39 Squires
25:24 Arson
27:51 Bodkin Arrow
28:17 Heavy Plow
28:35 Man-at-Arms
29:00 Gambesons
33:46 Imperial Age
31:36 Scale Barding Armor
32:17 Wheelbarrow
31:28 Town Watch
31:29 Loom
32:28 Ballistics
32:00 Guard Tower
32:32 Chain Mail Armor
33:18 Iron Casting
33:03 Chain Barding Armor
32:58 Bloodlines
35:11 Ring Archer Armor
36:00 Conscription
35:38 Gold Mining
37:34 Chemistry
37:53 Blast Furnace
37:23 Plate Mail Armor
37:39 Halberdier
39:47 Keep
38:58 Arrowslits
39:25 Masonry
40:21 Stone Shaft Mining
40:37 Plate Mail Armor
40:27 Chain Barding Armor
41:13 Bombard Tower
41:37 Ironclad
41:11 Sappers
41:22 Long Swordsman
42:36 Crenellations
42:57 Hand Cart
42:42 Town Patrol
43:30 Plate Barding Armor
42:37 Cavalier
45:26 Two-Handed Swordsman
47:23 Crop Rotation
46:57 Caravan
47:28 Coinage
47:08 Guilds
49:10 Two-Man Saw
47:47 Elite Teutonic Knight
48:25 Paladin
50:07 Champion
50:58 Siege Engineers
53:39 Redemption
53:30 Atonement
53:50 Sanctity
53:30 Devotion
53:55 Illumination
54:06 Theocracy
53:51 Heresy
53:48 Block Printing
53:44 Fervor
54:10 Hoardings
52:57 Heavy Mounted Crossbowman
52:58 Crossbowman
Orange Jiangzc
10:54 Feudal Age
14:37 Castle Age
12:42 Double-Bit Axe
13:11 Horse Collar
16:19 Bow Saw
19:06 Heavy Plow
23:45 Wheelbarrow
24:15 Gold Mining
26:18 Stone Mining
27:40 Gold Shaft Mining
27:25 Hand Cart
29:57 Imperial Age
28:51 Gambesons
29:06 Squires
28:52 Arson
30:07 Scale Mail Armor
30:18 Forging
30:11 Elite Varangian Guard
31:10 Chain Mail Armor
31:18 Conscription
30:19 Shield Wall
32:59 Iron Casting
34:33 Plate Mail Armor
33:54 Fletching
34:45 Siege Engineers
35:42 Chemistry
35:02 Ballistics
34:27 Treadmill Crane
38:17 Guilds
38:30 Loom
41:12 Hoardings
43:34 Clerical Recruitment
45:58 Murder Holes
46:14 Masonry
49:07 Town Watch
49:25 Caravan
49:55 Coinage
49:59 Architecture
49:50 Ballistics
49:40 Fortified Wall
49:22 Guard Tower
49:17 Arrowslits
49:53 Shipwright
49:26 Heated Shot
49:47 Careening
49:43 Siphons
50:06 Block Printing
50:16 Illumination
49:52 Devotion
50:13 Sanctity
52:11 Banking
51:48 Town Patrol
53:26 Scale Barding Armor
53:23 Padded Archer Armor
53:20 Bodkin Arrow
52:49 Man-at-Arms
52:50 Pikeman
53:46 Sappers
55:10 Chain Barding Armor
55:05 Leather Archer Armor
54:13 Onager
54:14 Capped Ram
55:32 Crop Rotation
我喜欢狐臭
10:52 Feudal Age
20:14 Castle Age
19:38 Stone Mining
44:56 Wheelbarrow
52:32 Hand Cart
52:12 Double-Bit Axe
53:05 Bow Saw
52:38 Horse Collar
53:52 Gold Mining
53:53 Town Watch
54:37 Caravan
55:26 Gold Shaft Mining
Patrick Star
3:08 Loom
11:51 Feudal Age
14:55 Double-Bit Axe
25:37 Castle Age
25:51 Bloodlines
26:16 Light Cavalry
49:04 Horse Collar
MafiaTurkish58
11:00 Feudal Age
12:25 Double-Bit Axe
20:41 Castle Age
19:03 Padded Archer Armor
20:50 Crossbowman
24:46 Leather Archer Armor
34:06 Forging
33:48 Fletching
34:04 Scale Barding Armor
34:09 Forging
35:47 Town Watch
alerka
10:13 Feudal Age
11:23 Double-Bit Axe
13:21 Horse Collar
15:25 Padded Archer Armor
18:27 Castle Age
19:30 Leather Archer Armor
19:30 Bow Saw
19:14 Gold Mining
21:41 Thumb Ring
24:37 Ballistics
33:45 Fletching
38:05 Elite Skirmisher
41:13 Heavy Plow
41:53 Gold Shaft Mining
42:20 Wheelbarrow
41:30 Town Watch
44:51 Hand Cart
44:22 Loom
Lautenaius Maximus
12:14 Feudal Age
17:56 Castle Age
15:45 Double-Bit Axe
15:45 Horse Collar
25:01 Gold Mining
25:01 Stone Mining
31:22 Stone Shaft Mining
31:29 Wheelbarrow
33:25 Imperial Age
30:41 Town Watch
31:47 Bow Saw
32:21 Fortified Wall
32:54 Ballistics
32:31 Fletching
35:18 Bodkin Arrow
36:27 Chemistry
39:31 Murder Holes
40:28 Elite Skirmisher
45:39 Bracer
SonOfRain
8:01 Loom
11:23 Feudal Age
13:23 Horse Collar
13:29 Double-Bit Axe
17:19 Bow Saw
24:33 Castle Age
23:13 Stone Mining
25:17 Stone Shaft Mining
26:00 Husbandry
26:09 Scale Barding Armor
26:15 Forging
26:10 Heavy Plow
27:14 Two-Man Saw
26:23 Cavalier
27:57 Crop Rotation
29:45 Burgundian Vineyards
32:48 Gold Mining
34:00 Wheelbarrow
33:13 Town Watch
33:35 Light Cavalry
36:01 Chain Barding Armor
36:16 Iron Casting
37:58 Hand Cart
38:18 Scale Mail Armor
41:13 Imperial Age
41:29 Gold Shaft Mining
41:22 Chain Mail Armor
43:10 Plate Barding Armor
43:35 Blast Furnace
44:01 Chemistry
42:48 Arrowslits
43:19 Hussar
51:46 Padded Archer Armor
Connection lost

Rejoining the realm…

Still unreachable

The connection could not be restored.

Session expired

The server has moved on; the page needs a fresh start.